 Dungeon Crawl Stone Soup version 0.31-a0-210-gccc998df9b (webtiles) character file.

Game seed: 2712102277669938548

838 qw the Skirmisher (level 7, -1/61 HPs)
             Began as a Minotaur Hexslinger on June 30, 2023.
             Slain by an ogre
             ... wielding a +0 giant club
              (12 damage)
             ... on level 6 of the Dungeon.
             The game lasted 00:01:29 (4769 turns).

qw the Skirmisher (Minotaur Hexslinger)             Turns: 4769, Time: 00:01:29

Health: -1/61      AC:  8    Str: 18    XL:     7   Next: 67%
Magic:  7/7        EV: 11    Int: 10    God:
Gold:   42         SH:  0    Dex: 15    Spells: 7/8 levels left

rFire   . . .        Y - +0 orcbow
rCold   . . .        (shield currently unavailable)
rNeg    . . .        g - +3 ring mail
rPois   .            (helmet restricted)
rElec   .            (no cloak)
rCorr   .            (no gloves)
SInv    +            (no boots)
Will    .....        (no amulet)
Stlth   +            o - ring of see invisible
HPRegen 0.30/turn    b - +6 ring of strength
MPRegen 0.10/turn

%: no passive effects
@: about to teleport
A: horns 2, retaliatory headbutt
a: no special abilities


You were on level 6 of the Dungeon.
You visited 2 branches of the dungeon, and saw 7 of its levels.

You collected 250 gold pieces.
You spent 208 gold pieces at shops.


Innate Abilities, Weirdness & Mutations

You have a pair of horns on your head.
You reflexively headbutt those who attack you in melee.


   Skills:
 - Level 5.2 Fighting
 + Level 8.4 Ranged Weapons
 - Level 1.0 Armour
 - Level 2.1 Dodging
 - Level 1.0 Spellcasting
 - Level 2.0 Hexes


You had 7 spell levels left.
You knew the following spells:

 Your Spells              Type           Power      Damage    Failure   Level
a - Slow                  Hex            16%        N/A       26%         1

Your spell library contained the following spells:

 Spells                   Type           Power      Damage    Failure   Level
 Inner Flame              Hex/Fire       2%         N/A       77%         3
 Portal Projectile        Hex/Tloc       4%         N/A       77%         3
 Cause Fear               Hex            2%         N/A       95%         4

Inventory:

Hand Weapons
 Y - a +0 orcbow (weapon)
Armour
 g - a +3 ring mail (worn)
Jewellery
 b - a +6 ring of strength (right hand)
 l - a ring of ice
 n - a ring of positive energy
 o - a ring of see invisible (left hand)
Scrolls
 a - a scroll of identify
 d - 2 scrolls of revelation {unknown}
Potions
 c - a potion of curing
 e - a potion of haste
 h - a potion of enlightenment
 i - a potion of might

Dungeon Overview and Level Annotations

Branches:
Dungeon (6/15)             Temple (1/1) D:5

Altars:
Ashenzari
Cheibriados
Dithmenos
Elyvilon
Fedhas
Gozag
Hepliaklqana
Kikubaaqudgha
Makhleb
Qazlal
Sif Muna
Trog
Uskayaw
Xom
Yredelemnul
Zin
The Shining One

Shops:
D:3 !((((   D:5 ?([:

Annotations:
D:2 1 runed translucent door, Crazy Yiuf
D:5 2 transporters
D:6 Eustachio


Message History

The ufetubus hits you but does no damage. x2
The white imp closely misses you. You furiously retaliate!
You headbutt the white imp!
Eustachio mumbles some strange words.
The ufetubus misses you. The ufetubus barely misses you.
You shoot an arrow. The arrow barely misses the white imp.
The arrow hits the ufetubus!
You kill the ufetubus!
The ufetubus disappears in a puff of smoke!
The white imp disappears in a puff of smoke!
The ufetubus barely misses you. x2; Eustachio hits you with a +0 rapier.
The white imp gestures at you. The puff of frost hits you.
4765 ||| READING 2 scrolls of teleportation.
As you read the scroll of teleportation, it crumbles to dust.
You feel strangely unstable. The ufetubus barely misses you. x2
Eustachio casts a spell.
Eustachio blinks!
The ufetubus barely misses you. x2; The white imp misses you.
You shoot an arrow. The arrow closely misses the ufetubus.
The ufetubus hits you but does no damage. x2
The white imp misses you. You furiously retaliate!
You headbutt the white imp! The ufetubus barely misses you.
You furiously retaliate!
You headbutt the ufetubus!
You kill the ufetubus!
The ufetubus disappears in a puff of smoke!
You shoot an arrow. The arrow closely misses the white imp.
Your surroundings suddenly seem different.
An ogre comes into view. It is wielding a +0 giant club.
The ogre completely misses you.
Enter note:
Enter note:
4768 ||| READING scroll of teleportation.
As you read the scroll of teleportation, it crumbles to dust.
You feel strangely unstable. The ogre misses you.
You shoot an arrow. The arrow hits the ogre!
The ogre is heavily wounded.
The ogre hits you with a +0 giant club!
You die...

#. ..### #.
..... +.. ..~~~~
#.. ..~...
####..###..~.~ยค
#..........~.~.
#......O...~.~.
#......@...~.~.
#..........~.~~
#..........~...
#..........~~~~
#..............
##..#..#....###
##+### #####


You could see an ogre.

Vanquished Creatures
  Menkaure (D:4)
  An ogre (D:4)
  A centaur (D:4)
  A bullfrog (D:6)
  A scorpion (D:6)
  A howler monkey (D:5)
  A crimson imp (D:5)
  A hound (D:5)
  An iguana (D:6)
  Terence (D:2)
  Natasha (thrice) (D:2)
  An orc wizard (D:3)
  4 gnolls (D:5)
  7 adders
  A shadow imp (D:5)
  2 worms (D:3)
  3 dart slugs
  5 orcs
  8 endoplasms
  3 giant cockroaches
  7 goblins
  6 hobgoblins
  5 jackals
  5 kobolds
  2 quokkas
  3 ball pythons
  2 frilled lizards (D:2)
  2 rats
79 creatures vanquished.

Notes
Turn   | Place    | Note
-------+----------+-------------------------------------------
     0 | D:1      | qw the Minotaur Hexslinger began the quest for the Orb.
     0 | D:1      | Reached XP level 1. HP: 16/16 MP: 1/1
     0 | D:1      | 0 ||| qw: Version: 0.3-a-24-ga2abf7b
     0 | D:1      | 0 ||| qw: Game counter: 7100
     0 | D:1      | 0 ||| qw: Melee chars always use a shield: true
     0 | D:1      | 0 ||| qw: God list: Okawaru
     0 | D:1      | 0 ||| qw: Allow faded altars: false
     0 | D:1      | 0 ||| qw: Do Orc after clearing Dungeon:15 true
     0 | D:1      | 0 ||| qw: Do second Lair branch before Depths: true
     0 | D:1      | 0 ||| qw: Lair rune preference: random
     0 | D:1      | 0 ||| qw: Goals: Normal
     0 | D:1      | 0 ||| PLANNING D:1-11
     6 | D:1      | Noticed a komodo dragon
     6 | D:1      | Noticed a swamp worm
     7 | D:1      | Noticed a five-headed hydra
     7 | D:1      | Noticed a hound
   274 | D:1      | Reached skill level 3 in Ranged Weapons
   275 | D:1      | Reached XP level 2. HP: 23/23 MP: 2/2
   606 | D:1      | 606 ||| UPGRADING to +0 leather armour.
   616 | D:1      | 616 ||| DROPPING +0 robe.
   617 | D:1      | 617 ||| UPGRADING to +3 ring mail.
   627 | D:1      | 627 ||| DROPPING +0 leather armour.
   628 | D:1      | 628 ||| UPGRADING to +6 ring of strength.
   629 | D:1      | 629 ||| READING scroll labelled JONECK HIXT.
   630 | D:1      | 630 ||| READING scroll labelled HAGILAEDEB.
   631 | D:1      | 631 ||| READING 2 scrolls labelled DAKA LOGICH.
   632 | D:1      | 632 ||| DROPPING scroll of poison.
   633 | D:1      | 633 ||| DROPPING scroll of noise.
   708 | D:2      | Noticed Terence
   719 | D:2      | Killed Terence
   720 | D:2      | Reached XP level 3. HP: 21/29 MP: 3/3
   905 | D:2      | Noticed Natasha
   909 | D:2      | Reached skill level 4 in Ranged Weapons
   916 | D:2      | Killed Natasha
   917 | D:2      | Reached XP level 4. HP: 18/36 MP: 4/4
  1007 | D:2      | Noticed Natasha
  1014 | D:2      | Killed Natasha
  1015 | D:2      | Reached skill level 5 in Ranged Weapons
  1072 | D:2      | Found a runed translucent door.
  1073 | D:2      | Noticed Crazy Yiuf
  1315 | D:2      | Noticed Natasha
  1318 | D:2      | Killed Natasha
  1328 | D:2      | Reached skill level 3 in Fighting
  1352 | D:2      | Reached XP level 5. HP: 44/45 MP: 5/5
  1374 | D:2      | Reached skill level 1 in Armour
  1635 | D:2      | 1635 ||| UPGRADING to ring of positive energy.
  1636 | D:2      | 1636 ||| READING scroll labelled LAEWIA HATU.
  1737 | D:2      | 1737 ||| READING scroll labelled YSIFAO FOKERPH.
  1760 | D:2      | 1760 ||| READING scroll labelled JYUX XELUTULE.
  1817 | D:3      | Found a faded altar of an unknown god.
  1964 | D:3      | Found Ulutruf's Weapon Shoppe.
  1991 | D:3      | Found Oquh's Antique Weapon Shoppe.
  2022 | D:3      | Found a shimmering blue altar of Sif Muna.
  2095 | D:3      | Found Fiypreiss's Distillery.
  2095 | D:3      | Found Wosomoc's Antique Weapon Boutique.
  2101 | D:3      | 2101 ||| SHOPLISTING 2 potions of haste (200 gold, have
                  | 120).
  2101 | D:3      | 2101 ||| BUYING potion of curing (30 gold).
  2101 | D:3      | Bought a potion of curing for 30 gold pieces
  2101 | D:3      | 2101 ||| BUYING potion of enlightenment (50 gold).
  2101 | D:3      | Bought a potion of enlightenment for 50 gold pieces
  2101 | D:3      | 2101 ||| SHOPLISTING potion of haste (100 gold, have 40).
  2101 | D:3      | 2101 ||| BUYING potion of might (40 gold).
  2101 | D:3      | Bought a potion of might for 40 gold pieces
  2101 | D:3      | 2101 ||| SHOPLISTING potion of resistance (100 gold, have
                  | 0).
  2107 | D:3      | 2107 ||| SHOPLISTING glowing sling (117 gold, have 0).
  2481 | D:3      | Found Aruedd's Weapon Shop.
  2517 | D:3      | 2517 ||| SHOPLISTING +2 arbalest of flaming (281 gold, have
                  | 12).
  2518 | D:3      | 2518 ||| READING scroll labelled TEOZXIBBOURO.
  2559 | D:4      | 2559 ||| FLEEEEING.
  2560 | D:4      | 2560 ||| FLEEEEING.
  2561 | D:4      | 2561 ||| STAIRDANCE
  2593 | D:4      | 2593 ||| SWAPPING to +0 orcbow.
  2594 | D:4      | 2594 ||| DROPPING +2 sling.
  2616 | D:4      | Reached skill level 6 in Ranged Weapons
  2667 | D:4      | Noticed a centaur
  2675 | D:4      | Killed a centaur
  2676 | D:4      | Reached XP level 6. HP: 18/52 MP: 6/6
  2896 | D:4      | Found an opulent altar of Gozag.
  3232 | D:4      | Noticed Menkaure
  3242 | D:4      | Killed Menkaure
  3243 | D:4      | Reached skill level 7 in Ranged Weapons
  3319 | D:4      | Reached XP level 7. HP: 59/59 MP: 7/7
  3502 | D:4      | 3502 ||| UPGRADING to ring of see invisible.
  3504 | D:4      | 3504 ||| UPGRADING to +6 ring of strength.
  3506 | D:4      | 3506 ||| READING scroll labelled AFFUECEXIN.
  3507 | D:4      | 3507 ||| DRINKING 2 grey potions.
  3518 | D:5      | Entered Level 5 of the Dungeon
  3644 | D:5      | Found a transporter.
  3644 | D:5      | Found Eguciypi's Book Emporium.
  3743 | D:5      | Found a staircase to the Ecumenical Temple.
  3744 | D:5      | 3744 ||| PLANNING TEMPLE
  3751 | Temple   | Entered the Ecumenical Temple
  3945 | Temple   | 3945 ||| PLANNING D:1-11
  3991 | D:5      | Reached skill level 8 in Ranged Weapons
  4024 | D:5      | Found a shimmering altar of Xom.
  4025 | D:5      | Found a burning altar of Makhleb.
  4070 | D:5      | Found Veoh's Antique Armour Shoppe.
  4075 | D:5      | 4075 ||| SHOPLISTING ancient ring mail (315 gold, have 81).
  4075 | D:5      | 4075 ||| SHOPLISTING glowing scarf (280 gold, have 81).
  4075 | D:5      | 4075 ||| SHOPLISTING shiny ring mail (245 gold, have 81).
  4123 | D:5      | Found a transporter.
  4288 | D:5      | Found Nunizy's Magic Scroll Shop.
  4294 | D:5      | 4294 ||| BUYING scroll of identify (22 gold).
  4294 | D:5      | Bought a scroll of identify for 22 gold pieces
  4294 | D:5      | 4294 ||| BUYING scroll of identify (22 gold).
  4294 | D:5      | Bought a scroll of identify for 22 gold pieces
  4294 | D:5      | 4294 ||| BUYING scroll of identify (22 gold).
  4294 | D:5      | Bought a scroll of identify for 22 gold pieces
  4294 | D:5      | 4294 ||| BUYING scroll of identify (22 gold).
  4294 | D:5      | Bought a scroll of identify for 22 gold pieces
  4345 | D:5      | Found Ikemu's Antique Weapon Emporium.
  4355 | D:5      | 4355 ||| SHOPLISTING runed longbow (228 gold, have 7).
  4461 | D:5      | Found a glowing golden altar of the Shining One.
  4470 | D:5      | Found an ancient bone altar of Kikubaaqudgha.
  4489 | D:5      | 4489 ||| READING 4 scrolls of identify.
  4489 | D:5      | 4489 ||| IDENTIFYING glowing white potion
  4490 | D:5      | 4490 ||| READING 3 scrolls of identify.
  4490 | D:5      | 4490 ||| IDENTIFYING pink potion
  4491 | D:5      | 4491 ||| READING 2 scrolls of identify.
  4491 | D:5      | 4491 ||| IDENTIFYING coppery potion
  4492 | D:5      | 4492 ||| DROPPING potion of degeneration.
  4493 | D:5      | 4493 ||| DROPPING potion of brilliance.
  4494 | D:5      | 4494 ||| DROPPING potion of attraction.
  4746 | D:6      | Noticed Eustachio
  4764 | D:6      | HP: 15/61 [Eustachio/+0 rapier (3)]
  4765 | D:6      | 4765 ||| READING 2 scrolls of teleportation.
  4768 | D:6      | 4768 ||| READING scroll of teleportation.
  4769 | D:6      | Slain by an ogre

Levels and vault maps discovered:
D:1:      onia_arrival_zoo_common, layout_loops_ring
D:2:      layout_loops_ring, minmay_tromino_v7, uniq_crazy_yiuf_cottage,
          uniq_natasha, uniq_terence
D:3:      layout_loops_ring, led_sif_pool, serial_shops, shop, shop, shop, shop,
          nicolae_shop_real_fake_doors, ebering_ecumenical_altar_rust
D:4:      layout_basic, mainiacjoe_overflow_brackets, uniq_menkaure
D:5:      layout_loops_ring, grunt_temple_overflow_champion_of_chaos,
          mainiacjoe_overflow_swirl, minmay_temple_entry_overgrown,
          serial_shops, shop, nicolae_shop_tiny_glass, nicolae_shop_drivethru,
          kennysheep_little_box
D:6:      layout_gridville, mainiacjoe_overflow_concentric_impassable,
          serial_shops, kennysheep_mini, uniq_eustachio
Temple:   minmay_temple_curvy_loop

Skill      XL: |  1  2  3  4  5  6  7 |
---------------+----------------------+-----
Ranged Weapons | 3 4 5 6 7 8 |  8.4
Fighting       | 2 3 4 5 |  5.2
Armour         | 1 |  1.0
Dodging        | |  2.1
Spellcasting   | |  1.0
Hexes          | |  2.0

Action                     |  1- 3 |  4- 6 |  7- 9 || total
---------------------------+-------+-------+-------++-------
   Fire: Sling             |    68 |   115 |       ||   183
         Orcbow            |       |    48 |    85 ||   133
    Use: Scroll            |     3 |     4 |     6 ||    13
         Potion            |       |       |     1 ||     1
 Armour: Robe              |     1 |       |       ||     1
         Ring mail         |     6 |    31 |    19 ||    56
  Dodge: Dodged            |    25 |    35 |    47 ||   107

Table legend:
 A = Non-vault XP
 B = Vault XP
 C = Vault XP percentage of total XP
 D = Non-vault monster count
 E = Vault monster count
 F = Vault count percentage of total count
                 A         B        C        D         E       F
            +---------+---------+-------+---------+---------+-------
      Total |     913 |     285 |  23.8 |      72 |       7 |   8.9
            +---------+---------+-------+---------+---------+-------
        D:1 |      23 |       0 |   0.0 |      13 |       0 |   0.0
        D:2 |     115 |      78 |  40.4 |      15 |       5 |  25.0
        D:3 |      82 |       0 |   0.0 |      14 |       0 |   0.0
        D:4 |     290 |     157 |  35.1 |      16 |       1 |   5.9
        D:5 |     195 |      50 |  20.4 |      11 |       1 |   8.3
        D:6 |     208 |       0 |   0.0 |       3 |       0 |   0.0
            +---------+---------+-------+---------+---------+-------
